 Dungeon Crawl Stone Soup version 0.23-a0-643-g9ccc95a (webtiles) character file.

5315 Lanoc the Carver (level 10, -5/79 HPs)
             Began as a Demonspawn Berserker on Dec 31, 2018.
             Was an Elder of Trog.
             Slain by a wight
             ... wielding a +3 trident of freezing
              (6 damage)
             ... on level 10 of the Dungeon.
             The game lasted 00:18:24 (8248 turns).

Lanoc the Carver (Demonspawn Berserker)             Turns: 8248, Time: 00:18:25

Health: -5/79      AC: 14    Str: 22    XL:     10   Next: 37%
Magic:  0/10       EV: 14    Int:  8    God:    Trog [****..]
Gold:   398        SH:  4    Dex: 12    Spells: 9/9 levels left

rFire    . . .     SeeInvis .   k - +7 falchion "Meleig" {pain, rC+}
rCold    + . .     Gourm    .   (no shield)
rNeg     . . .     Faith    .   n - +0 troll leather armour
rPois    .         Spirit   +   (no helmet)
rElec    .         Reflect  +   t - scarf {cloud immunity}
rCorr    .         Harm     .   r - +2 pair of gloves
MR       ++...                  (no boots)
Stlth    +.........             x - +4 amulet of reflection
HPRegen  1.63/turn              (no ring)
MPRegen  0.24/turn              (no ring)

@: sanguine armour, berserk cooldown, starving, regenerating, heavily drained
A: hooves 1, powered by pain 1, magic shield, magic regeneration, magic link,
sanguine armour 1
a: Berserk, Trog's Hand, Brothers in Arms, Renounce Religion


You were on level 10 of the Dungeon.
You worshipped Trog.
Trog was greatly pleased with you.
You were starving.

You visited 1 branch of the dungeon, and saw 8 of its levels.

You collected 398 gold pieces.

Inventory:

Hand Weapons
 k - the +7 falchion "Meleig" (weapon) {pain, rC+}
   (You found it on level 7 of the Dungeon)

   In the hands of one skilled in necromantic magic, it inflicts extra damage on
   living creatures.
   It protects you from cold.
Missiles
 g - 25 bolts
Armour
 n - a +0 troll leather armour (worn)
 r - a +2 pair of gloves (worn)
 t - a scarf of cloud immunity (worn)
Jewellery
 x - a +4 amulet of reflection (around neck)
Wands
 l - a wand of digging (1)
 m - a wand of paralysis (10)
Scrolls
 d - 2 scrolls of remove curse
 h - a scroll of enchant weapon
 i - 2 scrolls of magic mapping
 j - 3 scrolls of fear
 o - 5 scrolls of teleportation
 p - a scroll of blinking
 q - a scroll of enchant armour
 s - a scroll of fog {unknown}
 y - a scroll of noise {unknown}
Miscellaneous
 a - a lightning rod (4/4)
Comestibles
 c - 13 rations


   Skills:
 + Level 7.6(5.8) Fighting
 * Level 9.4(7.5) Long Blades
 + Level 6.6(4.9) Armour
 + Level 6.6(4.9) Dodging


You had 9 spell levels left.
You didn't know any spells.
Your spell library contained the following spells:

 Spells                   Type           Power        Failure   Level  Hunger
 Infusion                 Chrm           #...         45%         1    ##.....
 Shroud of Golubria       Chrm/Tloc      #.........   58%         2    ###....
 Song of Slaying          Chrm           #.......     58%         2    ###....
 Regeneration             Chrm/Necr      #.........   83%         3    ####...
 Spectral Weapon          Hex/Chrm       #.......     83%         3    ####...


Dungeon Overview and Level Annotations

Branches:
Dungeon (10/15)
 Temple: D:4-7         Lair: D:8-11         Orc: D:9-12

Altars:
Ashenzari
Cheibriados
Gozag
Hepliaklqana
Makhleb
Nemelex Xobeh
Trog
Uskayaw
Wu Jian
Xom
Yredelemnul
Zin
The Shining One

Shops:
D:8 [


Innate Abilities, Weirdness & Mutations

You have large cloven feet.
You sometimes gain a little power by taking damage.
When hurt, damage is shared between your health and your magic reserves.
You regenerate magic rapidly.
When low on magic, you restore magic in place of health.
When seriously injured, your bleeding wounds create armour. (AC +6)


Message History

You block the yak's attack.
You hit the killer bee.
You kill the killer bee!
Trog accepts your kill. The killer bee closely misses you.
The killer bee barely misses you.
You riposte.
You miss the killer bee. Your kick misses the killer bee.
The killer bee is moderately wounded.
The wight hits you but does no damage. You block the killer bee's attack.
The yak gores you.
* * * LOW HITPOINT WARNING * * *
You hit the killer bee.
The killer bee is heavily wounded.
The killer bee stings you but does no damage. x2
The yak gores you!
* * * LOW HITPOINT WARNING * * *
The killer bee closely misses you.
You riposte.
You miss the killer bee. Your kick misses the killer bee.
The killer bee is heavily wounded.
The wight hits you from afar with a +3 trident of freezing.
You die...

#.# #.# ########.##
#.........####
#......:..)..##
#........)##..#######
#.........###zzz#...
#.$.......#
###Y#y#####
$....<....# #.@y....#
#...?.....# #######.#
#.........#
###########


You could see a yak, 2 killer bees and 3 wights.

Vanquished Creatures
  2 trolls (D:9)
  A hippogriff (D:8)
  A spriggan (D:7)
  9 yaks
  A wyvern (D:9)
  3 hungry ghosts
  A water moccasin (D:9)
  A sky beast (D:7)
  2 black bears (D:9)
  2 ogres
  A wolf (D:7)
  A centaur (D:8)
  Blork the orc (D:4)
  3 gnoll sergeants
  3 bullfrogs
  2 scorpions
  6 killer bees
  2 wights (D:10)
  3 howler monkeys (D:9)
  An electric eel (D:8)
  A centaur zombie (D:9)
  A crimson imp (D:7)
  5 hounds (D:8)
  A jelly (D:8)
  5 gnoll shamans (D:8)
  2 orc priests (D:8)
  2 iguanas
  2 orc wizards (D:4)
  4 worker ants
  22 gnolls
  7 adders
  An adder zombie (D:9)
  3 worms
  4 leopard geckos
  12 orcs
  3 ball pythons
  4 giant cockroaches
  9 goblins
  12 hobgoblins
  5 jackals (D:8)
  3 quokkas
  4 bats
  A frilled lizard (D:1)
  7 kobolds
  A leopard gecko skeleton (D:3)
  11 rats
178 creatures vanquished.

Notes
Turn   | Place    | Note
-------+----------+-------------------------------------------
     0 | D:1      | Lanoc the Demonspawn Berserker began the quest for the Orb.
     0 | D:1      | Reached XP level 1. HP: 18/18 MP: 1/1
   184 | D:1      | Gained mutation: You have large cloven feet. [demonic
                  | ancestry]
   184 | D:1      | Reached XP level 2. HP: 11/24 MP: 2/2
   201 | D:1      | Reached skill level 3 in Long Blades
   976 | D:2      | Gained mutation: When hurt, damage is shared between your
                  | health and your magic reserves. [demonic ancestry]
   976 | D:2      | Reached XP level 3. HP: 14/29 MP: 3/3
   979 | D:2      | Reached ** piety under Trog
   996 | D:2      | HP: 1/29 [poisoned by an adder]
  1422 | D:2      | Reached XP level 4. HP: 20/35 MP: 1/4
  2737 | D:3      | Found a burning altar of Makhleb.
  2819 | D:3      | Gained mutation: When seriously injured, your bleeding
                  | wounds create armour. (AC +6) [demonic ancestry]
  2819 | D:3      | Reached XP level 5. HP: 39/42 MP: 2/5
  2910 | D:3      | Found a sparkling altar of Nemelex Xobeh.
  2973 | D:3      | Found a shattered altar of Ashenzari.
  3131 | D:4      | Reached skill level 4 in Long Blades
  3234 | D:4      | Reached XP level 6. HP: 33/48 MP: 6/6
  3247 | D:4      | Noticed Blork the orc
  3257 | D:4      | Killed Blork the orc
  3510 | D:4      | Found an opulent altar of Gozag.
  3595 | D:4      | You fall through a shaft for 3 floors!
  3636 | D:7      | Found a basalt altar of Yredelemnul.
  3862 | D:7      | Gained mutation: You regenerate magic rapidly. [demonic
                  | ancestry]
  3862 | D:7      | Reached XP level 7. HP: 55/55 MP: 7/7
  3864 | D:7      | Reached skill level 5 in Long Blades
  3912 | D:7      | Reached *** piety under Trog
  4333 | D:7      | Got a dazzling falchion
  4334 | D:7      | Identified the +7 falchion "Meleig" {pain, rC+} (You found
                  | it on level 7 of the Dungeon)
  4396 | D:7      | Noticed a spriggan baker
  4400 | D:7      | Killed a spriggan baker
  4568 | D:8      | Noticed a hippogriff
  4578 | D:8      | Killed a hippogriff
  4578 | D:8      | Reached skill level 5 in Fighting
  4747 | D:8      | Found Gakarof's Antique Armour Boutique.
  4814 | D:8      | Gained mutation: When low on magic, you restore magic in
                  | place of health. [demonic ancestry]
  4814 | D:8      | Reached XP level 8. HP: 37/62 MP: 6/8
  5010 | D:8      | Reached skill level 6 in Long Blades
  5523 | D:7      | Reached skill level 7 in Long Blades
  5523 | D:7      | Reached skill level 5 in Armour
  5701 | D:8      | Reached skill level 5 in Dodging
  6030 | D:8      | Reached XP level 9. HP: 43/69 MP: 5/9
  6789 | D:8      | Reached **** piety under Trog
  6952 | D:9      | Found a bloodstained altar of Trog.
  6983 | D:9      | Noticed a troll
  6997 | D:9      | Killed a troll
  7207 | D:9      | Reached skill level 8 in Long Blades
  7298 | D:9      | Found a snail-covered altar of Cheibriados.
  7344 | D:9      | Found a glowing golden altar of the Shining One.
  7620 | D:9      | Noticed a troll
  7633 | D:9      | Killed a troll
  7633 | D:9      | Gained mutation: You sometimes gain a little power by
                  | taking damage. [demonic ancestry]
  7633 | D:9      | Reached XP level 10. HP: 6/79 MP: 1/10
  7907 | D:9      | Reached skill level 9 in Long Blades
  7914 | D:9      | Found a glowing silver altar of Zin.
  7914 | D:9      | Found a shimmering altar of Xom.
  7919 | D:9      | Found a hazy altar of Hepliaklqana.
  7921 | D:9      | Found a hide-covered altar of Uskayaw.
  7922 | D:9      | Found an ornate altar of the Wu Jian Council.
  8185 | D:10     | Entered Level 10 of the Dungeon
  8231 | D:10     | HP: 3/79 [wight/+3 trident of freezing (1)]
  8248 | D:10     | HP: 1/79 [yak (7)]
  8248 | D:10     | Slain by a wight

Vault maps used:
D:1:      dpeg_arrival_central
D:3:      old_standard_altar, bloody_makhleb, nemelex_xobeh_ov_fountains_minmay,
          first_ration
D:4:      kennysheep_big_flooded_room, lemuel_crystal_altar, old_standard_altar,
          minmay_temple_entry_antechambers, serial_park, serial_park_tiny_pond,
          uniq_blork_the_orc
D:7:      overflow_temple_1_default, the_bakery
D:8:      serial_gnoll_camp, gnoll_camp_mini_basic, gnoll_camp_mini_hut,
          gnoll_camp_mini_hut, gnoll_camp_mini_hut, gnoll_camp_mini_basic,
          gnoll_camp_huts_moat, serial_shops, shop_statue
D:9:      trog_ov_bears_minmay, nicolae_overflow_hidden_temple,
          chequers_temple_overflow_minitemple, basic_altar
D:10:     david_orc_2

Skill      XL: |  1  2  3  4  5  6  7  8  9 10 |
---------------+-------------------------------+-----
Long Blades    | 3 4 5 7 8 9 |  9.4
Armour         | 2 3 4 5 6 |  6.6
Dodging        | 2 3 4 5 6 |  6.6
Fighting       | 4 5 6 7 |  7.6

Action                   |  1- 3 |  4- 6 |  7- 9 | 10-12 || total
-------------------------+-------+-------+-------+-------++-------
Melee: Falchion          |    68 |   141 |   266 |    65 ||   540
       Kick              |    14 |    45 |   107 |    17 ||   183
Invok: Berserk           |     1 |     4 |     2 |     1 ||     8
       Trog's Hand       |       |       |     1 |     1 ||     2
  Use: Scroll            |       |     5 |     5 |       ||    10
       Potion            |       |       |     8 |     2 ||    10
 Stab: Invisible         |       |       |     4 |       ||     4
  Eat: Chunk             |     1 |     9 |    13 |     3 ||    26
       Ration            |       |     1 |     1 |     1 ||     3
Armor: Animal skin       |     6 |    26 |    57 |       ||    89
       Troll leather arm |       |       |       |    24 ||    24
Dodge: Dodged            |    44 |    79 |   212 |    60 ||   395
Block: Other             |       |       |    60 |    18 ||    78
       Reflection        |       |       |     4 |       ||     4
       Rpst.: Falchion   |    10 |    26 |    47 |    16 ||    99

Table legend:
 A = Non-vault XP
 B = Vault XP
 C = Vault XP percentage of total XP
 D = Non-vault monster count
 E = Vault monster count
 F = Vault count percentage of total count
                 A         B        C        D         E       F
            +---------+---------+-------+---------+---------+-------
      Total |    5999 |    1594 |  21.0 |     137 |      41 |  23.0
            +---------+---------+-------+---------+---------+-------
        D:1 |      30 |       0 |   0.0 |      18 |       0 |   0.0
        D:2 |     121 |       0 |   0.0 |      19 |       0 |   0.0
        D:3 |      69 |       0 |   0.0 |      30 |       0 |   0.0
        D:4 |     236 |     100 |  29.8 |      12 |       1 |   7.7
        D:7 |     454 |     422 |  48.2 |       8 |       3 |  27.3
        D:8 |     938 |     815 |  46.5 |      19 |      35 |  64.8
        D:9 |    2773 |     257 |   8.5 |      22 |       2 |   8.3
       D:10 |    1378 |       0 |   0.0 |       9 |       0 |   0.0
            +---------+---------+-------+---------+---------+-------
